Cogmind - Beta 10.2 *** ADVENTURER MODE // 2021.01.17 @ 03:39:06 Player: Randall Flagg Result: Destroyed by 8R-AWN with 8R-AWN's Boregun Performance ------------- Evolutions (0) 0 Regions Visited (3) 600 Robots Destroyed (25) 125 Value Destroyed (505) 505 Prototype IDs (0) 0 Alien Tech Used (0) 0 Bonus (0) 0 TOTAL SCORE: 1230 Bonus ------- None Cogmind --------- Core Integrity 0/250 Matter 210/300 Energy 100/100 System Corruption 2% Temperature Cool (0) Movement Walking (120) Location -10/Exiles Parts ------- > --- POWER (1) -------- (None) > --- PROPULSION (2) --- Aluminum Leg > --- UTILITY (2) ------ Small Storage Unit > --- WEAPON (2) ------- (None) > --- INVENTORY (6) ---- Light Ion Engine Aluminum Leg Aluminum Leg Improved Trap Extractor Improved Grenade Launcher Dirty Bomb Trap Peak State ------------ > --- POWER ------------ Ion Engine > --- PROPULSION ------- Aluminum Leg Carbon-fiber Leg > --- UTILITY ---------- Small Storage Unit Improved Trap Extractor > --- WEAPON ----------- Electrolaser Electrolaser > --- INVENTORY -------- Light Ion Engine Aluminum Leg Aluminum Leg Reactive Plating Beamcaster Improved Grenade Launcher [Rating: 17] Favorites ----------- Power Light Ion Engine Engine Light Ion Engine Propulsion Aluminum Leg Leg Aluminum Leg Utility Small Storage Unit Device Improved Trap Extractor Storage Small Storage Unit Protection Propulsion Shielding Weapon EM Pulse Gun Energy Gun EM Pulse Gun Ballistic Gun Light Assault Rifle Build | -11 -10 -10 -10 ------- Run | Scr Mat Min Exi Slots Evolved . | . . . . Power . | . . . . Propulsion . | . . . . Utility . | . . . . Weapon . | . . . . Parts Attached 21 | 6 7 8 . Power 3 | 1 1 1 . Engine 3 | 1 1 1 . Core . | . . . . Reactor . | . . . . Propulsion 7 | 2 3 2 . Treads . | . . . . Leg 7 | 2 3 2 . Wheel . | . . . . Hover . | . . . . Flight . | . . . . Utility 5 | 1 1 3 . Device 1 | . . 1 . Storage 1 | 1 . . . Processor . | . . . . Hackware . | . . . . Protection 3 | . 1 2 . Artifact . | . . . . Weapon 6 | 2 2 2 . Energy Gun 5 | 2 1 2 . Energy Cannon . | . . . . Ballistic Gun 1 | . 1 . . Ballistic Cannon . | . . . . Launcher . | . . . . Special Weapon . | . . . . Impact Weapon . | . . . . Slashing Weapon . | . . . . Piercing Weapon . | . . . . Special Melee Weapon . | . . . . Unidentified Prototypes . | . . . . Parts Lost 8 | . 2 1 5 Power 2 | . . 1 1 Propulsion 1 | . . . 1 Utility 1 | . . . 1 Weapon 4 | . 2 . 2 Highest Loss Streak 5 | . 1 1 5 Average Slot Usage (%) 98 | . 97 99 96 Engine 13 | . 14 13 13 Leg 27 | . 27 27 27 Storage 14 | . 14 14 14 Protection 13 | . 13 13 13 Energy Gun 20 | . 14 25 26 Ballistic Gun 6 | . 12 2 . Naked Turns . | . . . . Heaviest Build 25 | 11 13 25 23 Greatest Support 25 | 20 20 25 25 Greatest Overweight (x) 1 | . 1 . . Average Overweight (x) . | . . . . Largest Inventory Capacity 6 | 6 6 6 6 Average Capacity 5 | 5 6 6 6 Most Carried 6 | 6 6 6 6 Average Carried 5 | 4 5 5 6 Final Capacity 6 | 6 6 6 6 Final Carried 6 | 6 6 6 6 Class Distribution -------------------- 94% | Mutant 5% | Scavenger-Mutant Dominant Class ---------------- Mutant | -10/Materials Mutant | -10/Mines Mutant | -10/Exiles Resources | -11 -10 -10 -10 ----------- Run | Scr Mat Min Exi Matter Collected 459 | 192 164 98 5 Remotely . | . . . . Salvage Created 842 | . 774 44 24 Parts 49 | . 38 11 . Haulers Intercepted . | . . . . Recyclers Shooed 1 | . 1 . . Parts Field Recycled . | . . . . Retrieved Matter . | . . . . Parts Self-Destructed . | . . . . Prevented . | . . . . Kills | -11 -10 -10 -10 ------- Run | Scr Mat Min Exi Combat Hostiles Destroyed 25 | . 14 5 6 Guns 17 | . 13 3 1 AOE 8 | . 1 2 5 Classes Destroyed 5 | . 4 . 1 Recycler 3 | . 3 . . Watcher 3 | . 3 . . Swarmer 10 | . 5 5 . Grunt 9 | . 9 . . Assembled 6 | . . . 6 Best Kill Streak 6 | . 5 3 6 Combat Bots Only 6 | . 3 3 6 Max Kills in Single Turn 5 | . 1 2 5 Gunslinging . | . . . . Exploded 5 | . 1 2 5 Melee . | . . . . Uniques/NPCs Destroyed . | . . . . Combat | -11 -10 -10 -10 -------- Run | Scr Mat Min Exi Damage Taken 940 | . 341 109 490 Core 253 | . 68 15 170 Absorbed by Shields . | . . . . Core Remaining (%) 100 | 100 . . . Volleys Fired 87 | . 70 8 9 Largest 2 | . 2 2 2 Hottest 126 | . 90 126 126 Shots Fired 128 | . 94 16 18 Gun 128 | . 94 16 18 Cannon . | . . . . Launcher . | . . . . Special . | . . . . Kinetic 32 | . 32 . . Thermal 51 | . 17 16 18 Explosive . | . . . . Electromagnetic 45 | . 45 . . Robot Hit Streak 34 | . 29 34 6 Robot Miss Streak 3 | . 3 2 1 Penetration Max . | . . . . Secondary Targets 1 | . . 1 . Max Gunslinging Chain 1 | . . 1 . Shots Hit Robots 89 | . 77 8 4 Core Hits 46 | . 34 5 7 Critical Hits . | . . . . Critical Kills . | . . . . Critical Parts Destroyed . | . . . . Melee Attacks . | . . . . Impact . | . . . . Slashing . | . . . . Piercing . | . . . . Sneak Attacks . | . . . . Combat Hostiles . | . . . . Follow-up Attacks . | . . . . Damage Inflicted 1810 | . 945 267 598 Guns 1104 | . 900 135 69 Cannons . | . . . . Explosions 703 | . 42 132 529 Melee . | . . . . Ramming 3 | . 3 . . Kinetic 222 | . 222 . . Thermal 1068 | . 203 267 598 Explosive . | . . . . Electromagnetic 517 | . 517 . . Impact . | . . . . Slashing . | . . . . Piercing . | . . . . Highest Corruption 2 | . 2 2 2 Average Corruption 1 | . 1 2 2 Corruption Purged . | . . . . Effects 17 | . 2 9 6 Message Errors 2 | . . 2 . Heat Flow Errors 3 | . . 1 2 Energy Discharges 4 | . 1 1 2 Data Loss (minor) 6 | . . 4 2 Targeting Errors 2 | . 1 1 . Overload Shots . | . . . . Overflow Damage 10 | . . 9 1 Projectiles . | . . . . Explosions 10 | . . 9 1 Melee . | . . . . Knockbacks . | . . . . Impact . | . . . . Kinetic . | . . . . Secondary . | . . . . Self-Inflicted Damage 97 | . . 13 84 Shots 2 | . . 1 1 Rammed . | . . . . Targets Rammed 1 | . 1 . . Kicked 1 | . 1 . . Crushed . | . . . . Highest Temperature 607 | . 294 357 607 Average Temperature 162 | . 126 146 217 Received Heat Transfer 224 | . 204 . 20 Effects 17 | . 1 2 14 Shutdowns 1 | . . . 1 Energy Bleed 3 | . 1 1 1 Matter Decay 3 | . . 1 2 Damage (minor) 1 | . . . 1 Damage (major) 8 | . . . 8 Damage (core) 1 | . . . 1 Siege Activations . | . . . . Robots Corrupted . | . . . . Combat Hostiles . | . . . . Parts Fried 2 | . 2 . . Impact Corruptions . | . . . . Robots Melted . | . . . . Combat Hostiles . | . . . . Parts Melted . | . . . . Heat Transferred 1557 | . 483 446 628 Parts Sabotaged . | . . . . Parts Stolen . | . . . . Parts Stripped . | . . . . Power Chain Reactions 1 | . 1 . . Missiles Intercepted . | . . . . Alert | -11 -10 -10 -10 ------- Run | Scr Mat Min Exi Peak Influence 229 | . 229 133 . Initial 2 | . . 2 . Average 11 | . 47 15 . Maximum Alert Level 1 | . 1 . . Low Security (%) 99 | 100 99 100 . Level 1 . | . . . . Level 2 . | . . . . Level 3 . | . . . . Level 4 . | . . . . Level 5 . | . . . . High Security . | . . . . Max Security . | . . . . Squads Dispatched 6 | . 6 . . Investigation 6 | . 6 . . Extermination . | . . . . Reinforcement . | . . . . Assault . | . . . . Garrison . | . . . . Intercept . | . . . . Construction Impeded . | . . . . Haulers Reinforced . | . . . . Stealth | -11 -10 -10 -10 --------- Run | Scr Mat Min Exi Distress Signals . | . . . . Communications Jammed . | . . . . Distress Signals . | . . . . Times Spotted 40 | . 26 6 8 Peak Tracking Total 9 | . 5 3 9 Tactical Retreats 2 | . 2 . . Traps | -11 -10 -10 -10 ------- Run | Scr Mat Min Exi Traps Triggered 6 | . 4 2 . Indirectly . | . . . . Trap Hack Attempts . | . . . . Triggered . | . . . . Disarmed . | . . . . Reprogrammed . | . . . . Reused . | . . . . Traps Extracted 5 | . . 5 . Installed . | . . . . Triggered 1 | . 1 . . Machines | -11 -10 -10 -10 ---------- Run | Scr Mat Min Exi Machines Disabled 4 | . . 2 2 Max in Single Turn 2 | . . 2 1 Machines Sabotaged . | . . . . Garrisons Compromised . | . . . . Overloaded Fab Kills . | . . . . Fab Network Shutdowns . | . . . . Hacking | -11 -10 -10 -10 --------- Run | Scr Mat Min Exi Machines Accessed 12 | . 10 2 . Terminals 9 | . 8 1 . Fabricators . | . . . . Repair Stations 1 | . 1 . . Recycling Units 1 | . 1 . . Scanalyzers . | . . . . Garrison Access . | . . . . Total Hacks 29 | . 25 4 . Successful 18 | . 16 2 . Failed 11 | . 9 2 . Catastrophic 1 | . 1 . . Database Lockouts . | . . . . Manual 35 | . 32 3 . Terminals 24 | . 21 3 . Fabricators . | . . . . Repair Stations 3 | . 3 . . Recycling Units 1 | . 1 . . Scanalyzers . | . . . . Garrison Access . | . . . . Terminal Hacks 8 | . 6 2 . Record 1 | . . 1 . Robot Analysis 5 | . 5 . . Open Door 1 | . . 1 . Zone Layout 1 | . 1 . . Fabricator Hacks . | . . . . Repair Station Hacks . | . . . . Recycling Unit Hacks . | . . . . Scanalyzer . | . . . . Garrison Access Hacks . | . . . . Unauthorized Hacks 10 | . 10 . . Terminals 8 | . 8 . . Botnet 8 | . 8 . . Fabricators . | . . . . Repair Stations 1 | . 1 . . Mechanics 1 | . 1 . . Recycling Units 1 | . 1 . . Recyclers 1 | . 1 . . Scanalyzers . | . . . . Garrison Access . | . . . . Data Cores Recovered . | . . . . Used . | . . . . Hacking Detections 9 | . 8 1 . Full Trace Events 6 | . 6 . . Feedback Events 2 | . 2 . . Corruption 2 | . 2 . . Feedback Blocked . | . . . . Robot Schematics Acquired . | . . . . Robots Built . | . . . . Matter . | . . . . Time . | . . . . Total Robot Build Rating . | . . . . Part Schematics Acquired . | . . . . Parts Built . | . . . . Matter . | . . . . Time . | . . . . Total Part Build Rating . | . . . . Parts Repaired . | . . . . Time . | . . . . Parts Recycled . | . . . . Recycled Matter . | . . . . Retrieved Matter . | . . . . Retrieved Components . | . . . . Parts Scanalyzed . | . . . . Part Schematics Acquired . | . . . . Parts Damaged . | . . . . Bothacking | -11 -10 -10 -10 ------------ Run | Scr Mat Min Exi Used RIF Installer . | . . . . Robots Hacked . | . . . . Non-combat . | . . . . Combat . | . . . . Robot Hacks Applied . | . . . . Relay Couplers Released . | . . . . Robots Rewired . | . . . . Allies Hacked . | . . . . Hacks Repelled . | . . . . Allies | -11 -10 -10 -10 -------- Run | Scr Mat Min Exi Total Allies 1 | . . 1 . Largest Group 1 | . . 1 1 Highest-Rated Group 31 | . . 31 31 Highest-Rated Ally 31 | . . 31 31 Total Orders . | . . . . Ally Attacks . | . . . . Total Damage . | . . . . Kills . | . . . . Allies Corrupted . | . . . . Allies Melted . | . . . . Intel | -11 -10 -10 -10 ------- Run | Scr Mat Min Exi Robot Analysis Total 5 | . 5 . . Derelict Logs Recovered 1 | . . 1 . Drone Launches . | . . . . Drone Recoveries . | . . . . Exploration | -11 -10 -10 -10 ------------- Run | Scr Mat Min Exi Turns Passed 10395 | 6601 1815 1517 462 Spaces Moved 3961 | 1244 1272 1090 355 Core 38 | 38 . . . Treads . | . . . . Legs 3923 | 1206 1272 1090 355 Wheels . | . . . . Hover . | . . . . Flight . | . . . . Fastest Speed 50 | 50 120 120 120 Average Speed 119 | 117 120 120 120 Slowest Speed 150 | 120 150 120 120 Overloaded Moves . | . . . . Propulsion Burnouts . | . . . . Robots Hopped . | . . . . Cave-ins Triggered . | . . . . Exploration Rate (%) 95 | 129 99 99 55 Regions Visited 3 Branch Regions 2 Pre-discovered Areas . | . . . . Known Exits Taken . | . . . . Unknown Exits Taken 3 | 1 1 1 . Scrap Searched 1 | . . 1 . Spaces Dug . | . . . . Terrain Destroyed 68 | . 2 14 52 Melee . | . . . . Projectile . | . . . . AOE 68 | . 2 14 52 Terrain Rammed . | . . . . Walls Destroyed . | . . . . Machines Disabled . | . . . . Actions | -11 -10 -10 -10 --------- Run | Scr Mat Min Exi Total 9510 | 6377 1476 1284 373 Wait 5404 | 5120 109 166 9 Move 3958 | 1243 1271 1089 355 Hop . | . . . . Pick Up 21 | 8 9 4 . Fast Attach 10 | 4 1 5 . Attach 6 | 2 3 1 . Detach 1 | . . 1 . Swap 5 | . 3 2 . Drop 17 | . 9 8 . Fire 87 | . 70 8 9 Melee . | . . . . Ram . | . . . . Kick 1 | . 1 . . Crush . | . . . . Escape Stasis . | . . . . Rewire . | . . . . Trap . | . . . . Miscellaneous . | . . . . Route ------- -11/Scrapyard -10/Materials (discovered 4 exits: [*Mat x3] / *Min) -10/Mines (discovered 3 exits: [*Mat x2] / [*Exi]) -10/Exiles (discovered 1 exit: [*Min]) History --------- Turn | Location | Event 4 | -11/Scrapyard | Discovered new exit (range 13) 6602 | -11/Scrapyard | Entered Materials 6603 | -10/Materials | Build established: Mutant 6972 | -10/Materials | Discovered new exit (range 8) 7168 | -10/Materials | Discovered new exit (range 10) 7401 | -10/Materials | Discovered new exit (range 16) 7564 | -10/Materials | Discovered new exit (range 7) 8402 | -10/Materials | Build established: Scavenger-Mutant 8417 | -10/Materials | Entered Mines 8543 | -10/Mines | Learned Materials garrison access intel 8604 | -10/Mines | Met a Derelict who couldn't figure out how to use a Trap Extractor 8997 | -10/Mines | Build established: Mutant 9048 | -10/Mines | Deemed a non-threat by the Exiles lab entrance 9050 | -10/Mines | Discovered new exit (range 5) 9145 | -10/Mines | Received a Rocket Launcher from a helpful Derelict 9495 | -10/Mines | Discovered new exit (range 6) 9744 | -10/Mines | Received a Mining Laser from a helpful Derelict 9748 | -10/Mines | Discovered new exit (range 7) 9934 | -10/Mines | Entered Exiles 9934 | -10/Exiles | Accompanied by 1 ally 9962 | -10/Exiles | Discovered new exit (range 14) 9997 | -10/Exiles | Met 8R-AWN 10063 | -10/Exiles | Met EX-HEX 10118 | -10/Exiles | Met EX-DEC 10158 | -10/Exiles | Met EX-BIN 10315 | -10/Exiles | Attacked by the Exiles 10358 | -10/Exiles | Core integrity fell below 50% 10391 | -10/Exiles | Core integrity fell below 20% 10396 | -10/Exiles | Destroyed by 8R-AWN with 8R-AWN's Boregun Last Messages --------------- 10381_ Carbon-fiber Leg destroyed. 10381_ HV Slug penetrates Wall. 10381_ Penetrated by HV Slug. 10381_ HV Slug penetrates Wall. 10383_ HV Slug penetrates Machine. 10383_ Machine disabled. 10383_ HV Slug penetrates Wall. 10385_ Penetrated by HV Slug. 10385_ HV Slug penetrates Machine. 10385_ Penetrated by HV Slug. 10385_ HV Slug penetrates Machine. 10387_ Penetrated by HV Slug. 10390_ HV Slug penetrates Machine. 10390_ Penetrated by HV Slug. 10392_ HV Slug penetrates Machine. 10392_ Penetrated by HV Slug. 10394_ HV Slug penetrates Machine. 10394_ Penetrated by HV Slug. 10394_ HV Slug penetrates Machine. 10396_ Penetrated by HV Slug. Map ----- +----------------------------------------------------+ | ??????????????######### #????????????????????? | | ??????????????#""""""## #????????????????????? | | ??????????????#"""" #" #????????????????????? | | ??????????????#""X" #????????????????????? | | ???????????#### #????????????????????? | | ?????????### " % ## #????????????????????? | | ?????????# " % ""## #?########???????????? | | ?????????# """" ""#### #?#"""""""#??????????? | | ?????????# " %% " #??# #?#"""""""#??????????? | | ?????????# " " #??# #?#"""""""#??????????? | | ?????????## " " ### ###"" """"#??????????? | | ??????????# " " ###" """"#??????????? | | ??????????# """""" #?#" """#??????????? | | ??????????# #?#" g """#??????????? | | ??????????###### ###?#" """#??????????? | | ???????????????###???#" """#??????????? | | ?????????????????????#" """##?????????? | | ????????? ???????????## """"""????????? | | ????????" ???????????# """######?????? | | ???????"" ???????????# "X" """"" #?????? | | ???????"" ??????????#" """ # "????????? | | ??????? "??????????# """""""""#??????????? | | ????????" "?????????## ###########??????????? | | ????????# #????????##" #????????????????????? | | ##????### ###?######" #????????????????????? | | ""#####X# #"###""""""" @ ##???????????????????? | | """""" " "" ##???###########????? | | "" """ " #####"""""""""##???? | | " " " """ """"##??? | | "" " #??? | | " """#??? | | " "#??? | | a " "##?? | | #" ""### | | #""" "" " """# | | #" ###;;;""" "# | | "" ""##?########""" # | | """ """##?????????##""" | | "" """##???????????#"""" | | "" ""#????????????#"" | | " ##????????????"""" | | "" #??????????? | | " ???????? | | "" ???????? | | """" ?????? | | # ?????? " | | #" ???????"" """ "" | | #"""" "????????"" " " ""#" "# | | #"" ""???????????#""" ""?##"""""""## | | ?" """"????????????????"????#########? | +----------------------------------------------------+ Best States ------------- Heat Dissipation 25 Energy Generation 10 Energy Capacity 250 Matter Stores 300 Matter Capacity 300 Sight Range 16 Terrain Scan Density 10 Armor Coverage 150 Resistance: KI 40 Resistance: TH 20 Resistance: EX 20 Resistance: EM 20 Resistance: I 20 Resistance: S 20 Resistance: P 20 Propulsion Shielding 33 Evasion (%) 50 Offensive Hacking 10 Item Schematics ----------------- None Robot Schematics ------------------ None Fabricated ------------ Nothing Alien Tech Used ----------------- None Achievements -------------- Quick And Dirty Challenges ------------ None Game ------ Seed DisruptionStormAirjet Manual? 0 Play Time 01:45:42 Cumulative 123.7 hours Start 2021.01.16 @ 18:06:57 End 2021.01.17 @ 03:39:06 Sessions 5 Manual Loads 0 Difficulty Adventurer Special Mode None Game No. 29 Rogue 4 Adventurer 25 Explorer 0 Win Type - Total 0 Types 0/0/0/0/0/0/0/0/0 Lore% 44 Gallery% 60 Achievement% 36 Wizard Run 0 Options --------- ASCII 0 Keyboard 0 Movement Mouse Keybinds 0 Fullscreen 2 Font 12/Terminus Map View 76x50 Tactical HUD 1 Map Filters NONE Filters NONE Steam X RUN: ae313052-9574-451d-a83c-d739e307b2d4